USF Airborne v Afrika Korps Close

Match 8783273
End
Selects Airborne Battlegroup
Selects Heavy Machine Gun Paradrop
Heavy Machine Gun Paradrop
Construct Barracks
Riflemen Squad
Riflemen Squad
Heavy Machine Gun Paradrop
Riflemen Squad
Air Support Center
Heavy Machine Gun Paradrop
M1918 Browing Automatic Rifles
Selects Paratrooper Squad Paradrop
Construct Medical Station
Grenade Package
Construct Motor Pool
Paratrooper Squad Paradrop
P-47 Dive Bomb
Paratrooper Squad Paradrop
Construct Tank Depot
Construct Motor Pool
Paratrooper Squad Paradrop
Selects Anti-tank Gun Team Paradrop
Selects Smoke Bombing Run
Selects Paradrop Reinforcements
Selects Dual P-47 Rocket Strike
M24 Chaffee Light Tank
M24 Chaffee Light Tank
M24 Chaffee Light Tank
Engineer Squad
M24 Chaffee Light Tank
Heavy Machine Gun Paradrop
M24 Chaffee Light Tank
Smoke Bombing Run
Heavy Machine Gun Paradrop
P-47 Strafing Run
Paratrooper Squad Paradrop
Double Sortie
Paratrooper Squad Paradrop
P-47 Strafing Run
Paratrooper Squad Paradrop
Smoke Bombing Run
Heavy Machine Gun Paradrop
P-47 Strafing Run
Heavy Machine Gun Paradrop
Heavy Machine Gun Paradrop
Heavy Machine Gun Paradrop
Grasshopper High-Altitude Recon Run
Heavy Machine Gun Paradrop
Advanced Air Reconnaissance
Paratrooper Squad Paradrop
ßoo
L
0
0

Comments sign in to comment!

No comments posted yet!